 Dungeon Crawl Stone Soup version 0.21-a0-47-g7c8f537 (webtiles) character file.

20 Duffy the Caller (level 2, -1/15 HPs)
             Began as a Deep Elf Summoner on June 8, 2017.
             Killed from afar by an electric eel (8 damage)
             ... with a bolt of electricity
             ... on level 4 of the Dungeon.
             The game lasted 00:01:58 (1191 turns).

Duffy the Caller (Deep Elf Summoner)                Turns: 1191, Time: 00:01:59

Health: -1/15      AC:  2    Str:  5    XL:     2   Next: 58%
Magic:  8/8        EV: 13    Int: 19    God:
Gold:   79         SH:  0    Dex: 18    Spells: 5/8 levels left

rFire    . . .     SeeInvis .   (no weapon)
rCold    . . .     Gourm    .   (no shield)
rNeg     . . .     Faith    .   a - +0 robe
rPois    .         Spirit   .   (no helmet)
rElec    .         Reflect  .   (no cloak)
rCorr    .         Harm     .   (no gloves)
MR       .....                  (no boots)
Stlth    ++........             (no amulet)
Regen    0.1/turn               e - +3 ring of dexterity
MPRegen  0.2/turn               (no ring)

@: no status effects
A: no striking features
a: no special abilities


You were on level 4 of the Dungeon.
You were hungry.

You visited 1 branch of the dungeon, and saw 4 of its levels.

You collected 79 gold pieces.

Inventory:

Armour
 a - a +0 robe (worn)
Jewellery
 e - a +3 ring of dexterity (left hand)
Wands
 d - a wand of polymorph (5/24)
 j - a wand of flame (19/48)
Scrolls
 h - 3 scrolls of identify {unknown}
 i - a scroll of teleportation {unknown}
Potions
 f - a potion of might {unknown}
Books
 b - a book of Callings

   Spells                             Type                      Level
   a - Summon Small Mammal            Summoning                    1
   b - Call Imp                       Summoning                    2
   c - Call Canine Familiar           Summoning                    3
   d - Summon Guardian Golem          Hexes/Summoning              3
   e - Summon Lightning Spire         Summoning/Air                4
   f - Summon Ice Beast               Ice/Summoning                4
Comestibles
 c - a bread ration


   Skills:
 - Level 2.4 Dodging
 - Level 2.4 Stealth
 + Level 3.8 Spellcasting
 + Level 4.8 Summonings


You had 5 spell levels left.
You knew the following spells:

 Your Spells              Type           Power        Failure   Level  Hunger
a - Summon Small Mammal   Summ           ###.         1%          1    None
h - Call Imp              Summ           ###.....     2%          2    ##.....


Dungeon Overview and Level Annotations

Branches:
Dungeon (4/15)
 Temple: D:4-7

Altars:
Fedhas
Hepliaklqana
Uskayaw

Annotations:
D:4 1 transporter


Message History

All of the chunks of flesh in your inventory have rotted away.
You are feeling hungry.
You start resting.
HP restored.
You close the door.
You open the door.
Evoke which item? (* to show all) (? for menu, Esc to quit)
Aiming: Throw Flame (will waste charges)
Press: ? - help, Shift-Dir - straight line, f - electric eel
Aim: an electric eel The puff of flame hits the electric eel.
The electric eel is heavily wounded.
Evoking this partially-identified wand wasted a few charges.
The electric eel is engulfed in a cloud of scalding steam.
The electric eel shoots out a bolt of lightning at you!
The bolt of electricity hits you!
Ouch! That really hurt!
The bolt of electricity hits you!
Ouch! That really hurt!
You die...

### ....
############...
...........#(.#
#.###############.#..#
#.#8P#~~~~~~~#P8#.#..#
..#..#~~P~P..#@.#....#
..#^[+P~~7~..'..#^...#
..#..#P~~P~..#..#....#
#.#8P#~~~~~;;#P8#.#..#
#.###############.#..#
#.................#..#
###################..#
#..# #..#


You could see 2 electric eels.

Vanquished Creatures (collateral kills)
  A worker ant (D:4)
  5 hobgoblins
  5 goblins
  2 rats (D:2)
13 creatures vanquished.

Notes
Turn   | Place    | Note
-------+----------+-------------------------------------------
     0 | D:1      | Duffy the Deep Elf Summoner began the quest for the Orb.
     0 | D:1      | Reached XP level 1. HP: 10/10 MP: 6/6
   319 | D:3      | Found a hide-covered altar of Uskayaw.
   319 | D:3      | Found a blossoming altar of Fedhas.
   321 | D:3      | Found a hazy altar of Hepliaklqana.
   459 | D:3      | Noticed an orc wizard
   471 | D:3      | Noticed an orc priest
   472 | D:3      | Noticed an orc warrior
   559 | D:3      | Reached XP level 2. HP: 14/15 MP: 0/8
   563 | D:3      | Learned a level 2 spell: Call Imp
   884 | D:4      | Found a transporter.
   892 | D:4      | Noticed an electric eel
   894 | D:4      | Noticed an electric eel
   898 | D:4      | Found a transporter.
  1191 | D:4      | Killed from afar by an electric eel

Vault maps used:
D:1:      mrwooster_arrival_statue, minmay_misc_feat_x
D:2:      lexackson_kobold_supper
D:3:      cheibrodos_greedy_goblins, nicolae_overflow_hidden_temple,
          nrook_uturn, minmay_misc_feat_secret_circle
D:4:      gammafunk_steamed_eel

Action                   || total
-------------------------++-------
 Cast: Summon Small Mamm ||    21
       Call Imp          ||     4
Evoke: Wand              ||     1
Armor: Robe              ||     2
Dodge: Dodged            ||    10
